 Dungeon Crawl Stone Soup version 0.32-a0-306-gfed3edf829 (webtiles) character file.

Game seed: 11646463630135616452

123 Persephone the Chopper (level 4, -2/38 HPs)
             Began as a Mountain Dwarf Monk on Feb 14, 2024.
             Killed by nerve-wracking pain
             ... invoked by Grinder
              (9 damage)
             ... on level 3 of the Dungeon.
             The game lasted 00:03:08 (2592 turns).

Persephone the Chopper (Mountain Dwarf Monk)        Turns: 2592, Time: 00:03:08

Health: -2/38      AC:  6    Str: 15    XL:     4   Next: 79%
Magic:  4/4        EV: 11    Int: 11    God:
Gold:   118        SH:  0    Dex: 12    Spells: 3/3 levels left

rFire   . . .        a - +0 hand axe
rCold   . . .        d - orb {light}
rNeg    . . .        o - +0 ring mail
rPois   .            (no helmet)
rElec   .            (no cloak)
rCorr   .            (no gloves)
SInv    .            g - +0 pair of boots
Will    .....        f - amulet of the acrobat
Stlth   +            (no ring)
HPRegen 0.26/turn    (no ring)
MPRegen 0.09/turn

%: acrobat
@: mighty, glowing
A: runic magic, artefact enchanting
a: no special abilities


You were on level 3 of the Dungeon.
You visited 1 branch of the dungeon, and saw 3 of its levels.

You collected 118 gold pieces.

Inventory:

Hand Weapons
 a - a +0 hand axe (weapon)
Missiles
 i - 2 throwing nets (quivered)
Armour
 b - a +0 robe
 d - an orb of light (worn)
 g - a +0 pair of boots (worn)
 o - a +0 ring mail (worn)
Jewellery
 f - an amulet of the acrobat (around neck)
 n - a +5 ring of evasion
Scrolls
 e - 3 scrolls of identify {unknown}
 j - a scroll of immolation {unknown}
 k - a scroll of enchant armour {unknown}
 l - a scroll of torment {unknown}
 m - a scroll of enchant weapon {unknown}
 q - a scroll of acquirement {unknown}
Potions
 c - a potion of heal wounds {unknown}
 h - a potion of magic {unknown}
 p - a potion of might


   Skills:
 - Level 3.2 Fighting
 + Level 6.7 Axes
 - Level 2.1 Dodging


You had 3 spell levels left.
You didn't know any spells.
Your spell library contained the following spells:

 Spells                   Type           Power      Damage    Failure   Level
 Manifold Assault         Tloc           0%         N/A       99%         4
 Dispersal                Tloc           0%         N/A       100%        6
 Disjunction              Tloc           0%         N/A       100%        8


Dungeon Overview and Level Annotations

Branches:
Dungeon (3/15)

Altars:
Fedhas

Annotations:
D:3 Grinder


Innate Abilities, Weirdness & Mutations

Your spellcasting is much less encumbered by armour.
You can use scrolls of enchantment on lesser artefacts.


Message History

You hit Grinder but do no damage.
Grinder is moderately wounded.
Grinder hits you.
You writhe in agony.
You hit Grinder but do no damage.
Grinder is moderately wounded.
Grinder sighs, "No one appreciates my work."
Grinder gestures at you.
You barely resist. You hit Grinder but do no damage.
Grinder is moderately wounded.
Grinder gestures at you.
You barely resist.
You aren't carrying any items that you can evoke.
You hit Grinder.
Grinder is heavily wounded.
Grinder hits you.
* * * LOW HITPOINT WARNING * * *
You writhe in agony.
* * * LOW HITPOINT WARNING * * *
You hit Grinder but do no damage.
Grinder is heavily wounded.
Grinder misses you.
It was a potion of might.
You feel very mighty all of a sudden. Grinder gestures at you.
You resist with significant effort.
You hit Grinder.
Grinder is heavily wounded.
Grinder blinks!
Grinder blinks!
Grinder gestures at you.
You barely resist.
Grinder blinks!
Grinder says, "Tell me all your secrets, or I'll kill you."
You slash Grinder!
Grinder is almost dead.
Grinder gestures at you. Pain shoots through your body!
You die...
Grinder says, "Hey, I wasn't done torturing you yet!"

#.#.#.+####+.#.#
###.#.#.#....#.#.#
......#.#.##.#.#.##
####..#.#.##.#.#..#
#.....#.#....#.#..#
..###.#.'####'.#..#
......#........#..#
#####.'########'5.#
..# #(........).@.#
#.########......#.#
#..#######........#
##..........<...###
.#########......#
....# #......#
###.# #......# #.#
####..####
#.####....##


You could see Grinder.

Vanquished Creatures
  An adder (D:2)
  2 dart slugs
  A ribbon worm (D:3)
  8 bats
  4 endoplasms
  4 giant cockroaches
  6 goblins
  8 hobgoblins
  6 jackals (D:2)
  4 kobolds
  2 quokkas
  4 ball pythons
  3 frilled lizards
  5 rats
58 creatures vanquished.

Notes
Turn   | Place    | Note
-------+----------+-------------------------------------------
     0 | D:1      | Persephone the Mountain Dwarf Monk began the quest for the
                  | Orb.
     0 | D:1      | Reached XP level 1. HP: 19/19 MP: 1/1
    79 | D:1      | Reached skill level 4 in Axes
   150 | D:1      | Reached XP level 2. HP: 26/26 MP: 2/2
   534 | D:1      | Reached skill level 5 in Axes
   601 | D:1      | Reached XP level 3. HP: 31/31 MP: 3/3
  1277 | D:2      | Found a blossoming altar of Fedhas.
  1289 | D:2      | Reached XP level 4. HP: 38/38 MP: 4/4
  1324 | D:2      | Reached skill level 6 in Axes
  2119 | D:3      | Noticed Grinder
  2124 | D:3      | Paralysed by Grinder for 5 turns
  2571 | D:3      | Paralysed by Grinder for 3 turns
  2592 | D:3      | Killed from afar by Grinder

Illustrated notes

Levels and vault maps discovered:
D:1:      dpeg_arrival_chambers_temple_mockup, layout_basic
D:2:      layout_basic, basic_altar
D:3:      layout_rooms, mainiacjoe_overflow_catwalk, minivault_11, uniq_grinder

Skill      XL: |  1  2  3  4 |
---------------+-------------+-----
Axes           | 4 5 6 |  6.7
Fighting       | |  3.2
Dodging        | |  2.1

Action                     |  1- 3 |  4- 6 || total
---------------------------+-------+-------++-------
  Melee: Hand axe          |    77 |   103 ||   180
    Use: Potion            |       |     4 ||     4
 Armour: Robe              |    31 |    22 ||    53
         Ring mail         |       |    29 ||    29
  Dodge: Dodged            |    62 |    77 ||   139

Table legend: (Time is in decaauts)
 A = Elapsed time spent in this place.
 B = Non-inter-level travel time spent in this place.
 C = Inter-level travel time spent in this place.
 D = Time resting spent in this place.
 E = Time spent auto-exploring this place.
 F = Levels seen in this place.
 G = Mean time per level.
                   A        B        C        D        E       F      G
               +--------+--------+--------+--------+--------+-----+--------+
         Total |   2592 |   2442 |    150 |      0 |   1995 |   3 |  864.0 |
       Dungeon |   2592 |   2442 |    150 |      0 |   1995 |   3 |  864.0 |
               +--------+--------+--------+--------+--------+-----+--------+

Top non-repeatable levels by time:
     D:1: 1104 daAuts
     D:2: 968 daAuts
     D:3: 519 daAuts
